[Event "Early-Titled-Tuesday-Blitz-August-29-2023"]
[Site "Chess.com"]
[Date "2023.08.29"]
[Round "10"]
[White "rikchessmx"]
[Black "chess123456s"]
[Result "1/2-1/2"]
[WhiteElo "2465"]
[BlackElo "2626"]
[TimeControl "180+1"]
[EndTime "9:55:20 PDT"]
[Termination "Game drawn - insufficient material"]

1. e4 e5 2. Nf3 Nc6 3. Bb5 a6 4. Ba4 Nf6 5. O-O Be7 6. Re1 b5 7. Bb3 O-O 8. d3 d6 9. a4 b4 10. Nbd2 Re8 11. h3 h6 12. Nf1 Bf8 13. c3 Rb8 14. Bc2 a5 15. d4 bxc3 16. bxc3 exd4 17. cxd4 Nb4 18. Bb1 Bb7 19. Ng3 c5 20. d5 c4 21. Bb2 Rc8 22. Bc3 Ba6 23. Nf5 Nd3 24.
Bxd3 cxd3 25. Bxf6 Qxf6 26. Qd2 Qc3 27. Rac1 Qxd2 28.
Nxd2 g6 29. Nd4 Bg7 30. Nc6 Kh7 31. Nxa5 Bb2 32. Rxc8 Rxc8 33. Nc6 Bb7 34. Nc4 Bc3 35. Rd1 Bxc6 36. Rxd3 Bxd5 37. Nxd6 Rd8 38. Rxd5 Ra8 39.
Nxf7 Rxa4 40. Nd6 Ra1+ 41. Kh2 Re1 42. f3 Re2 43. Nc4 Kg7 44. Kg3 Be1+ 45. Kf4 Rxg2 46.
Rd7+ Kf6 47. e5+ Ke6 48. Rd6+ Ke7 49. Ra6 Bg3+ 50. Ke4 Re2+ 51. Kd5 Bf2 52. Rc6 g5 53. Rxh6 Bg3 54. Rh7+ Kf8 55. Nd6 Rd2+ 56. Ke6 Bf4 57. Rf7+ Kg8 58. Rf5 Re2 59. Ne4 Ra2 60. Nxg5 Ra6+ 61. Kd5 Ra5+ 62. Kd6 Ra6+ 63. Kd5 Ra5+ 64.
Ke4 Ra4+ 65. Kd3 Ra3+ 66. Ke2 Ra2+ 67. Kf1 Ra1+ 68. Ke2 Ra2+ 69. Kd1 Ra1+ 70. Kc2 Bg3 71. Kd3 Ra3+ 72. Kc4 Ra4+ 73. Kb3 Ra5 74. Ne4 Bxe5 75. Rg5+ Kf7 76. f4 Bc7 77. Rxa5 Bxa5 78. Kc4 Ke6 79. h4 Kf5 80. h5 Bd8 81. Kd5 Kxf4 82. h6 Bc7 83. Nf6 Be5 84. Ke6 Kg5 85. Ng4 Kg6 86.
Nxe5+ Kxh6 1/2-1/2

[Event "Early-Titled-Tuesday-Blitz-August-29-2023"]
[Site "Chess.com"]
[Date "2023.08.29"]
[Round "10"]
[White "FARIZA2018"]
[Black "lefonghua"]
[Result "1/2-1/2"]
[WhiteElo "2533"]
[BlackElo "2667"]
[TimeControl "180+1"]
[EndTime "9:55:26 PDT"]
[Termination "Game drawn - insufficient material"]

1. e4 c5 2. Nf3 g6 3. c3 Nc6 4. d4 d5 5. exd5 Qxd5 6. Bb5 cxd4 7. Qxd4 Qxd4 8. Nxd4 Bd7 9. Bxc6 Bxc6 10. Nxc6 bxc6 11.
O-O Nf6 12. Nd2 Bg7 13. Nc4 O-O 14. Re1 Nd5 15. Bg5 e6 16. h3 Rab8 17. Rab1 Rfc8 18. a4 Rb3 19. Na5 Rb6 20. Nc4 Rbb8 21. Bd2 c5 22.
Nd6 Rc6 23. Nb5 a6 24. Na3 c4 25. Re4 Rbc8 26. Rd1 Nb6 27. a5 Na4 28. Bc1 Bf8 29.
Nc2 Rc5 30. Ne3 Bh6 31. f4 Bf8 32. Rdd4 Rxa5 33. Rxc4 Rxc4 34. Nxc4 Rb5 35. Ne5 Nxb2 36. Kh2 a5 37. c4 Rb4 38. Rd4 a4 39. Rd8 Kg7 40.
Bd2 Rb7 41. Bc3 f6 42. Nc6 Nxc4 43. Ra8 a3 44. Nd8 Re7 45. Bb4 Re8 46. Bxf8+ Kxf8 47. Nxe6+ Ke7 48. Ra6 Rc8 49. Nd4 f5 50. Ra7+ Kf6 51.
Nb5 Re8 52. Nxa3 Nd6 53. Ra6 Re6 54. Nc2 h6 55. Nd4 g5 56. Nxe6 Kxe6 57. fxg5 hxg5 58. h4 gxh4 59. Kh3 Ke5 60. Kxh4 Ne4 61. Ra5+ Kf6 62. g3 Kg6 63. Ra6+ Nf6 64. Kh3 Kg5 65. Kg2 Ne4 66. Kf3 Nf6 67. Ra4 Ng4 68. Rf4 Ne5+ 69.
Kg2 Ng4 70. Ra4 Ne5 71. Kf2 Ng4+ 72. Kf3 Ne5+ 73. Ke3 Ng4+ 74. Kd4 Nf6 75. Ke5 Nh5 76. Ke6 Nxg3 77. Ra5 Kg4 78. Ra8 f4 79. Kd5 Nf5 80.
Ke4 Ng3+ 81. Kd3 f3 82. Rg8+ Kf4 83. Rf8+ Kg4 84. Ke3 Nf5+ 85. Kf2 Nd4 86. Rd8 Nf5 87. Rd5 Kf4 88. Rxf5+ Kxf5 89. Kxf3 1/2-1/2

[Event "Early-Titled-Tuesday-Blitz-August-29-2023"]
[Site "Chess.com"]
[Date "2023.08.29"]
[Round "10"]
[White "Aswathchess"]
[Black "Vuk2000"]
[Result "0-1"]
[WhiteElo "2532"]
[BlackElo "2750"]
[TimeControl "180+1"]
[EndTime "9:55:35 PDT"]
[Termination "Vuk2000 won by resignation"]

1. d4 Nf6 2. c4 e6 3. g3 d5 4. Bg2 Be7 5. Nf3 O-O 6. O-O dxc4 7. Qc2 a6 8. a4 Bd7 9. Qxc4 Bc6 10. Bg5 Nbd7 11.
Nc3 Nd5 12. Bxe7 Qxe7 13. a5 Rac8 14. Rfe1 Nxc3 15. bxc3 Nf6 16. Qb3 Be4 17. Ne5 c5 18. f3 Bc6 19. Qa3 Nd7 20. Nxc6 Rxc6 21. Rab1 Nf6 22. e4 Qc7 23. e5 Nd5 24. c4 Nb4 25. Rb2 Rd8 26. Rd1 b6 27. axb6 Rxb6 28. Rdd2 Rdb8 29.
Qa5 R6b7 30. Qxc7 Rxc7 31. d5 a5 32. d6 Ra7 33. f4 a4 34. Rb1 a3 35. Be4 f5 36.
exf6 gxf6 37. f5 e5 38. Kf2 Kf7 39. Ra1 a2 40. Bd5+ Ke8 41. Be6 Rb6 42. d7+ Kd8 43. g4 Rba6 44. g5 fxg5 45. Kg3 Nc6 46. f6 Ra8 47. f7 Ke7 48. Bd5 Rd8 49. Bxc6 Rxc6 50.
Raxa2 Kxf7 51. Ra7 Ke6 52. Rd5 Rd6 53. Kg4 Rxd5 54.
cxd5+ Kxd5 55. Kxg5 c4 56. Kf6 e4 57. Ke7 Rg8 58.
d8=Q+ Rxd8 59. Kxd8 e3 60. Re7 Kd4 61. Rxh7 c3 62.
Rd7+ Kc4 63. Rc7+ Kd3 64. Rd7+ Kc2 65. h4 e2 66. Re7 Kd2 67. h5 c2 68. Rd7+ Ke3 69.
Re7+ Kf2 70. Rf7+ Kg2 71. Rg7+ Kh1 72. h6 c1=Q 73. h7 Qh6 74. Re7 Qh4 75. Kc8 Qxe7 76.
h8=Q+ Kg2 77. Qg8+ Kf2 78. Qd5 e1=Q 79. Qd4+ Q1e3 80.
Qb2+ Qe2 81. Qb6+ Q7e3 82. Qf6+ Q3f3 83. Qd4+ Qee3 84. Qb2+ Kg3 85. Qg7+ Qg4+ 86. Qxg4+ Kxg4 0-1

[Event "Early-Titled-Tuesday-Blitz-August-29-2023"]
[Site "Chess.com"]
[Date "2023.08.29"]
[Round "10"]
[White "tteshan"]
[Black "ajedrezhoy"]
[Result "1/2-1/2"]
[WhiteElo "2555"]
[BlackElo "2424"]
[TimeControl "180+1"]
[EndTime "9:55:56 PDT"]
[Termination "Game drawn - insufficient material"]

1. e4 Nf6 2. e5 Nd5 3. c4 Nb6 4.
d4 d6 5. exd6 cxd6 6. Nc3 g6 7.
Nf3 Bg7 8. Be2 O-O 9. O-O Nc6 10. d5 Ne5 11. Nxe5 Bxe5 12. Bg5 Bf5 13. Rc1 Rc8 14. b3 a6 15. Bd3 Bxd3 16. Qxd3 Nd7 17. h4 h5 18. Qf3 Bf6 19. Bh6 Bg7 20. Bxg7 Kxg7 21.
Ne4 b5 22. cxb5 axb5 23. Ng5 Nf6 24. Rfe1 Rxc1 25. Rxc1 Qd7 26. Rc6 Ra8 27. Qe2 Nxd5 28. Qxb5 Nb4 29. Qc4 d5 30. Qd4+ Kg8 31. Rb6 Nxa2 32.
Qf4 Qf5 33. Qe3 e6 34. Rb7 Rf8 35. Qa7 Nc3 36. Qe3 Ne4 37. Nxe4 dxe4 38. b4 Qd5 39. Rc7 Qd1+ 40. Kh2 Qb1 41. Qd4 Qd3 42. Qxd3 exd3 43. Rd7 Rb8 44. Rxd3 Rxb4 45. g3 Rc4 46. Kg2 Kg7 47.
Rd7 Kf6 48. Ra7 Rc5 49. Kf3 Rf5+ 50. Ke3 Kg7 51. Rb7 Kf6 52. Ra7 Rd5 53. Ke4 Rd8 54. Rb7 Re8 55. Ra7 Re7 56. Ra6 Rb7 57. Rc6 Rb4+ 58.
Ke3 Kf5 59. Ra6 f6 60. Kf3 e5 61. Rc6 Rb3+ 62. Kg2 Ra3 63. Rb6 Rc3 64. Ra6 Rd3 65.
Rb6 Ra3 66. Rc6 g5 67. hxg5 fxg5 68. Rh6 Kg4 69. Rf6 e4 70. Re6 Kf5 71. Rh6 Kg4 72.
Re6 Ra4 73. Re5 h4 74. gxh4 gxh4 75. Re8 Rd4 76. Re7 Kg5 77. Re8 Kf5 78. Rh8 Kg5 79.
Rg8+ Kf6 80. Rh8 Kg5 81. Rg8+ Kf5 82. Rh8 e3 83. fxe3 Rg4+ 84. Kf3 Rg3+ 85. Kf2 Rg4 86. Kf3 Ra4 87. Rh5+ Kg6 88. Rh8 Kg5 89. e4 Ra3+ 90.
Kg2 Kg4 91. Rg8+ Kf4 92. Rh8 Kxe4 93. Rxh4+ Kf5 94. Rh8 Kg5 95. Rg8+ Kf6 96. Rf8+ Kg7 97. Rf3 Rxf3 98. Kxf3 1/2-1/2

[Event "Early-Titled-Tuesday-Blitz-August-29-2023"]
[Site "Chess.com"]
[Date "2023.08.29"]
[Round "10"]
[White "Sina_Movahed"]
[Black "snowlord"]
[Result "1-0"]
[WhiteElo "2997"]
[BlackElo "2919"]
[TimeControl "180+1"]
[EndTime "9:55:58 PDT"]
[Termination "Sina_Movahed won by resignation"]

1. e4 e5 2. Nf3 Nc6 3. Bb5 Nf6 4.
O-O Nxe4 5. Re1 Nd6 6. Nxe5 Be7 7. Bd3 Nxe5 8. Rxe5 O-O 9. Nc3 Ne8 10. b3 c6 11.
Bb2 Bf6 12. Re1 g6 13. Qf3 d5 14. Ba3 Nd6 15. Qf4 Nf5 16. Bxf8 Qxf8 17. g4 Qd6 18. Qxd6 Nxd6 19. h3 b5 20. Rad1 a5 21. Ne2 c5 22.
Nf4 Bb7 23. Bf1 Bg5 24. Nd3 c4 25. Nc5 Bc6 26. Bg2 Rc8 27. d3 c3 28. d4 Kf8 29.
Nd3 b4 30. Ne5 Bd2 31. Nxc6 Bxe1 32. Bxd5 Bd2 33. Ne5 Nb5 34. Nc4 Nxd4 35. Nxd2 cxd2 36.
Rxd2 Nxc2 37. Be4 Na3 38. Rd5 Re8 39. f3 Nb1 40. Bxb1 Re1+ 41. Kf2 Rxb1 42. Rxa5 Ke7 43. g5 Ke6 44. h4 Rd1 45. Ra6+ Ke7 46. Ra4 Rd4 47. a3 Rxh4 48. Rxb4 Rh5 49. Rb7+ Ke6 50. Rb6+ Ke7 51. Rb5 h6 52. Rb7+ Ke6 53. gxh6 Rxh6 54. a4 Rh2+ 55. Kg3 Ra2 56. Rb5 f5 57.
Kf4 Kf6 58. Rb6+ Kf7 59. Rb5 Kf6 60. a5 g5+ 61. Ke3 f4+ 62. Kd3 Rf2 63. a6 Rxf3+ 64. Kc4 Rf1 65. Ra5 Rc1+ 66. Kd4 Rd1+ 67. Ke4 Re1+ 68. Kf3 Re3+ 69. Kf2 Re8 70. a7 Ra8 71. b4 Ke6 72. b5 Kd5 73. b6+ Kc6 74. Rb5 Kxb5 75.
b7 Rxa7 76. b8=Q+ Ka6 77. Kf3 Rb7 78. Qc8 Ka7 79. Kg4 Rb6 80. Kxg5 f3 81. Qc7+ Ka6 82. Qf4 Rb5+ 83. Kg4 Ka5 84. Qxf3 Rb4+ 85. Kf5 Rc4 86. Ke5 Kb5 87. Kd5 Rc5+ 88. Kd4 Rc4+ 89. Kd3 Rc5 90. Qb7+ Ka5 91. Kd4 Rc1 92. Kd3 Rc5 93.
Qb8 Rc6 94. Qb2 Rc5 95. Qb7 Rc1 96. Qa7+ Kb4 97. Qd4+ Kb3 98. Qd5+ Kb2 99. Qb5+ Ka2 100.
Kd2 Rh1 101. Qd5+ 1-0

[Event "Early-Titled-Tuesday-Blitz-August-29-2023"]
[Site "Chess.com"]
[Date "2023.08.29"]
[Round "11"]
[White "Cheer_Down"]
[Black "Fraler15"]
[Result "0-1"]
[WhiteElo "2446"]
[BlackElo "2238"]
[TimeControl "180+1"]
[EndTime "9:57:51 PDT"]
[Termination "Fraler15 won by resignation"]

1. e4 c5 2. d4 cxd4 3. c3 dxc3 4.
Nxc3 Nc6 5. Nf3 d6 6. Bc4 a6 7. O-O Nf6 8. e5 dxe5 9. Nxe5 Nxe5 10. Bxf7+ Nxf7 0-1

[Event "Early-Titled-Tuesday-Blitz-August-29-2023"]
[Site "Chess.com"]
[Date "2023.08.29"]
[Round "11"]
[White "MathiasWomacka"]
[Black "hurricane7791"]
[Result "1/2-1/2"]
[WhiteElo "2479"]
[BlackElo "2665"]
[TimeControl "180+1"]
[EndTime "9:57:55 PDT"]
[Termination "Game drawn by agreement"]

1. e4 c5 2. Nf3 d6 3. d4 cxd4 4. Nxd4 Nf6 5. Nc3 a6 6. Be2 e5 7. Nb3 Be7 8. O-O O-O 9. Kh1 Re8 10. f4 exf4 11. Bxf4 Nc6 12. Qe1 Ne5 13. Rd1 Ng6 1/2-1/2

[Event "Early-Titled-Tuesday-Blitz-August-29-2023"]
[Site "Chess.com"]
[Date "2023.08.29"]
[Round "11"]
[White "Casper"]
[Black "hakanazeri2"]
[Result "0-1"]
[WhiteElo "2399"]
[BlackElo "2678"]
[TimeControl "180+1"]
[EndTime "9:58:23 PDT"]
[Termination "hakanazeri2 won by resignation"]

1. e4 c5 2. d4 cxd4 3. Qxd4 Nc6 4. Qe3 e6 5. Nc3 Bb4 6. Bd2 Nf6 7. O-O-O O-O 8. g4 d5 9. Qg3 Bxc3 10. Bxc3 Nxe4 11. Qf3 Nxc3 12. Qxc3 e5 13. Bg2 Be6 14. Kb1 Rc8 15. Nf3 Bxg4 16. Rhg1 Nd4 17. Qd3 Bf5 0-1

[Event "Early-Titled-Tuesday-Blitz-August-29-2023"]
[Site "Chess.com"]
[Date "2023.08.29"]
[Round "11"]
[White "temiksmozg"]
[Black "rikchessmx"]
[Result "1-0"]
[WhiteElo "2641"]
[BlackElo "2461"]
[TimeControl "180+1"]
[EndTime "9:58:31 PDT"]
[Termination "temiksmozg won by resignation"]

1. e4 c5 2. Nf3 e6 3. g3 a6 4.
Bg2 b5 5. O-O Bb7 6. Re1 Nc6 7. d4 cxd4 8. Nxd4 Rc8 9. Nc3 Qc7 10.
Bf4 Qb6 11. Nxc6 Bxc6 12. Qd2 Bb4 13. a3 Be7 14. Nd5 Qd8 15. Rad1 Nf6 16. Nxe7 Qxe7 17. Bd6 Qd8 18. Qg5 g6 19. Be5 Nxe4 20. Qxd8+ Kxd8 21. Bxh8 f5 22. Be5 1-0

[Event "Early-Titled-Tuesday-Blitz-August-29-2023"]
[Site "Chess.com"]
[Date "2023.08.29"]
[Round "11"]
[White "Zhigalko_Sergei"]
[Black "LiamPutnam2008"]
[Result "1-0"]
[WhiteElo "2936"]
[BlackElo "2811"]
[TimeControl "180+1"]
[EndTime "9:58:44 PDT"]
[Termination "Zhigalko_Sergei won by resignation"]

1. e4 c5 2. Nf3 e6 3. c3 Nf6 4. e5 Nd5 5. Bc4 Nb6 6. Bb3 Nc6 7. d4 cxd4 8. cxd4 d6 9. exd6 Bxd6 10. Nc3 O-O 11.
O-O e5 12. Bg5 Qd7 13. dxe5 Nxe5 14. Re1 Qg4 15. Nxe5 1-0

[Event "Early-Titled-Tuesday-Blitz-August-29-2023"]
[Site "Chess.com"]
[Date "2023.08.29"]
[Round "11"]
[White "NovikovaGalina"]
[Black "Miguelitro69"]
[Result "1-0"]
[WhiteElo "2397"]
[BlackElo "2289"]
[TimeControl "180+1"]
[EndTime "9:58:45 PDT"]
[Termination "NovikovaGalina won by checkmate"]

1. e4 c5 2. Nf3 Nc6 3. d4 cxd4 4. Nxd4 g6 5. Nc3 Bg7 6. Be3 Nf6 7. Nxc6 bxc6 8. e5 Ng8 9. Bd4 Nh6 10. e6 O-O 11.
Bxg7 Kxg7 12. exd7 Qxd7 13. Qxd7 Bxd7 14. O-O-O Be6 15.
Be2 Rfd8 16. Bf3 Rdc8 17. Ne4 Bd5 18. b3 e5 19. c4 Bxe4 20. Bxe4 f5 21. Rd7+ Kf6 22. Bf3 e4 23. Be2 Nf7 24. c5 Ke6 25. Rhd1 Ne5 26. R1d6# 1-0

[Event "Early-Titled-Tuesday-Blitz-August-29-2023"]
[Site "Chess.com"]
[Date "2023.08.29"]
[Round "11"]
[White "FeketeBarika"]
[Black "DeArron_Fox"]
[Result "0-1"]
[WhiteElo "2347"]
[BlackElo "2475"]
[TimeControl "180+1"]
[EndTime "9:59:06 PDT"]
[Termination "DeArron_Fox won by resignation"]

1. d4 d5 2. Nf3 Nf6 3. g3 Bf5 4. Bg2 e6 5. O-O c6 6. Nh4 Bg4 7. h3 Bh5 8. c4 Nbd7 9. b3 Bd6 10.
Nc3 a6 11. a4 O-O 12. f4 c5 13. e3 Bxd1 0-1

[Event "Early-Titled-Tuesday-Blitz-August-29-2023"]
[Site "Chess.com"]
[Date "2023.08.29"]
[Round "11"]
[White "Mr_November18"]
[Black "19912131712118"]
[Result "1-0"]
[WhiteElo "1952"]
[BlackElo "2395"]
[TimeControl "180+1"]
[EndTime "9:59:09 PDT"]
[Termination "Mr_November18 won by resignation"]

1. e4 c5 2. d4 cxd4 3. c3 dxc3 4. Nxc3 d6 5. Nf3 Nf6 6. Bc4 e6 7. O-O Be7 8. Qe2 O-O 9. Rd1 Nbd7 10. Nb5 Nb6 11. Bf4 Nxc4 12. Qxc4 Ne8 13. Nxd6 Nxd6 14. Bxd6 Qxd6 15. Rxd6 Bxd6 16. Rd1 Be7 17. e5 Re8 18. Qc7 b6 19. Qxe7 1-0

[Event "Early-Titled-Tuesday-Blitz-August-29-2023"]
[Site "Chess.com"]
[Date "2023.08.29"]
[Round "11"]
[White "tk22h"]
[Black "valemava"]
[Result "1-0"]
[WhiteElo "2416"]
[BlackElo "2318"]
[TimeControl "180+1"]
[EndTime "9:59:12 PDT"]
[Termination "tk22h won by checkmate"]

1. c4 c6 2. e4 Qa5 3. Nc3 a6 4. d4 b5 5. Bd2 b4 6. Nce2 e6 7. Ng3 d5 8. exd5 cxd5 9. Nf3 dxc4 10. Bxc4 Nf6 11. O-O Bb7 12. a3 Qb6 13. Qb3 a5 14.
axb4 axb4 15. Rxa8 Bxa8 16. Ne5 Bd5 17. Bxd5 Nxd5 18. Qa4+ Ke7 19. Re1 f6 20. Nf5+ exf5 21. Nd7+ Qe6 22. Rxe6+ Kxe6 23. Nxb8 Bd6 24. Qd7# 1-0

[Event "Early-Titled-Tuesday-Blitz-August-29-2023"]
[Site "Chess.com"]
[Date "2023.08.29"]
[Round "11"]
[White "DenLaz"]
[Black "igorkovalenko"]
[Result "1-0"]
[WhiteElo "3067"]
[BlackElo "2965"]
[TimeControl "180+1"]
[EndTime "9:59:24 PDT"]
[Termination "DenLaz won by resignation"]

1. d4 Nf6 2. c4 e6 3. Nf3 b6 4. g3 Ba6 5. b3 d5 6. Bg2 Bb4+ 7. Bd2 Bd6 8. O-O Nbd7 9. cxd5 exd5 10. Nc3 O-O 11.
Nh4 c6 12. Nf5 Bc7 13. Re1 Re8 14. e4 dxe4 15. Nxe4 Nxe4 16. Bxe4 Rxe4 17. Rxe4 Nf6 18. Bg5 Qd7 19. Ne7+ Kh8 20. Bxf6 gxf6 21. Qf3 Qd6 22.
Rae1 Rf8 23. Nf5 Qd8 24. Qh5 Bc8 25. Rh4 1-0

[Event "Early-Titled-Tuesday-Blitz-August-29-2023"]
[Site "Chess.com"]
[Date "2023.08.29"]
[Round "11"]
[White "Balla_Tamas"]
[Black "IngOscarArdila"]
[Result "1-0"]
[WhiteElo "2427"]
[BlackElo "2303"]
[TimeControl "180+1"]
[EndTime "9:59:26 PDT"]
[Termination "Balla_Tamas won by checkmate"]

1. e4 e5 2. Nf3 Nf6 3. Nxe5 d6 4. Nf3 Nxe4 5. Nc3 Nxc3 6. dxc3 Be7 7. Bc4 O-O 8. h4 Nd7 9. Ng5 Nf6 10. Be3 Bg4 11.
f3 Bd7 12. Qd3 c6 13. Bd4 g6 14. O-O-O d5 15. Bb3 a5 16. h5 a4 17. hxg6 fxg6 18. Rxh7 Bf5 19. Bxf6 Bxd3 20. Rh8# 1-0

[Event "Early-Titled-Tuesday-Blitz-August-29-2023"]
[Site "Chess.com"]
[Date "2023.08.29"]
[Round "11"]
[White "pedromartinez91"]
[Black "Ramosha"]
[Result "0-1"]
[WhiteElo "2459"]
[BlackElo "2591"]
[TimeControl "180+1"]
[EndTime "9:59:43 PDT"]
[Termination "Ramosha won by resignation"]

1. e4 c6 2. Nf3 d5 3. Nc3 dxe4 4. Nxe4 Nf6 5. Qe2 Bf5 6. Nxf6+ gxf6 7. d3 Nd7 8. g3 Qa5+ 9. Bd2 Qb6 10. Rb1 O-O-O 11.
Bg2 e5 12. O-O h5 13. b4 Qa6 14. a4 Qxa4 15. Ra1 Qxc2 16. Qe3 Qxd3 17. Qxa7 Bd6 18.
Rfc1 Bb8 19. Qa8 Nb6 20. Rxc6+ bxc6 21. Qxc6+ Bc7 22. Nxe5 fxe5 23. Bg5 Qd1+ 24. Rxd1 Rxd1+ 25. Bf1 Bh3 0-1

[Event "Early-Titled-Tuesday-Blitz-August-29-2023"]
[Site "Chess.com"]
[Date "2023.08.29"]
[Round "11"]
[White "chess123456s"]
[Black "viktorgen2021"]
[Result "1-0"]
[WhiteElo "2630"]
[BlackElo "2440"]
[TimeControl "180+1"]
[EndTime "10:00:24 PDT"]
[Termination "chess123456s won by resignation"]

1. d4 g6 2. e4 Bg7 3. Nc3 d6 4. Be3 Nf6 5. Nf3 c6 6. a4 a5 7. h3 Nbd7 8. Bc4 O-O 9. O-O Qc7 10.
Qd2 e5 11. dxe5 Nxe5 12. Nxe5 dxe5 13. Rad1 Ne8 14. Bc5 Nf6 15. Bxf8 Bxf8 16. Qd8 Qxd8 17. Rxd8 Kg7 18. Rfd1 Be7 19. R8d3 Be6 20. Bxe6 fxe6 21. f3 Bc5+ 22. Kf1 Be7 23. b3 Rb8 24. Ne2 b5 25.
axb5 cxb5 26. Ra1 a4 27. bxa4 Ra8 28. a5 Ra6 29. Rb3 b4 30. c3 bxc3 31. Nxc3 Nd7 32.
Rb7 1-0

[Event "Early-Titled-Tuesday-Blitz-August-29-2023"]
[Site "Chess.com"]
[Date "2023.08.29"]
[Round "11"]
[White "DawidCzerw"]
[Black "AlexNovitz"]
[Result "1-0"]
[WhiteElo "2485"]
[BlackElo "2257"]
[TimeControl "180+1"]
[EndTime "10:00:37 PDT"]
[Termination "DawidCzerw won by checkmate"]

1. e4 e6 2. d4 d5 3. Nc3 Nf6 4. Bg5 dxe4 5. Nxe4 Be7 6. Bxf6 gxf6 7. Nf3 b6 8. g3 Bb7 9. Nc3 Nd7 10. Bg2 c6 11. O-O Qc7 12. Qe2 O-O-O 13. a4 a6 14. a5 b5 15. Nb1 h5 16. Nbd2 h4 17. c4 hxg3 18.
hxg3 Kb8 19. Rfc1 b4 20. c5 f5 21. Nc4 Nf6 22. Nb6 Nd5 23. Ra4 f4 24. Ne5 fxg3 25. Nxd5 gxf2+ 26. Kf1 exd5 27. Rxb4 Bg5 28. Rc3 Ka8 29.
Rcb3 Rb8 30. Rb6 f6 31. Nxc6 Rbe8 32. Rxa6+ Bxa6 33. Qxa6+ Qa7 34. Qxa7# 1-0

[Event "Early-Titled-Tuesday-Blitz-August-29-2023"]
[Site "Chess.com"]
[Date "2023.08.29"]
[Round "11"]
[White "ChessArchitect64"]
[Black "Tsyhanchuk_Stanislav"]
[Result "0-1"]
[WhiteElo "2260"]
[BlackElo "2425"]
[TimeControl "180+1"]
[EndTime "10:00:37 PDT"]
[Termination "Tsyhanchuk_Stanislav won by resignation"]

1. c4 Nf6 2. e3 e6 3. Nc3 d5 4. d3 c5 5. cxd5 exd5 6. Nf3 Nc6 7. d4 cxd4 8. Nxd4 Bd6 9. Be2 O-O 10.
O-O a6 11. b3 Be6 12. Bb2 Rc8 13. Bf3 Qd7 14. Nce2 Nxd4 15. Nxd4 Bg4 16. Bxg4 Nxg4 17. g3 h5 18. Qf3 h4 19. Qxd5 Rc5 20. Qf3 hxg3 21.
hxg3 Rh5 22. Nf5 Qxf5 23. Qxb7 Nh2 24. Kg2 Nxf1 25. Rxf1 Qh3+ 0-1

[Event "Early-Titled-Tuesday-Blitz-August-29-2023"]
[Site "Chess.com"]
[Date "2023.08.29"]
[Round "11"]
[White "GMForgacs"]
[Black "Vaibhavraut99"]
[Result "0-1"]
[WhiteElo "2444"]
[BlackElo "2580"]
[TimeControl "180+1"]
[EndTime "10:00:38 PDT"]
[Termination "Vaibhavraut99 won by resignation"]

1. e4 c5 2. Nf3 d6 3. d4 cxd4 4. Nxd4 Nc6 5. c4 Nf6 6. Nc3 g6 7. Be3 Bg7 8. Qd2 Ng4 9. Nxc6 bxc6 10. Bd4 e5 11. Be3 Nxe3 12. Qxe3 h5 13. Be2 O-O 14. O-O Rb8 15. b3 Qa5 16. Rad1 Rd8 17. c5 Be6 18. cxd6 Bf8 19. Rd2 Rxd6 20. Rxd6 Bxd6 21.
Na4 Bf8 22. Rd1 Rd8 23. Rxd8 Qxd8 24. Qxa7 Qd2 25. Qe3 Qxa2 26. Bd1 Qb1 27. Nc3 Qa1 28. h3 Bb4 0-1

[Event "Early-Titled-Tuesday-Blitz-August-29-2023"]
[Site "Chess.com"]
[Date "2023.08.29"]
[Round "11"]
[White "Kubas1010"]
[Black "koncheto"]
[Result "1-0"]
[WhiteElo "2663"]
[BlackElo "2538"]
[TimeControl "180+1"]
[EndTime "10:00:45 PDT"]
[Termination "Kubas1010 won by resignation"]

1. e4 e5 2. Nf3 Nf6 3. Nc3 Nc6 4.
Bb5 Bc5 5. O-O d6 6. d4 exd4 7.
Nxd4 Bd7 8. Bxc6 bxc6 9. Bg5 O-O 10. Nb3 Bb6 11. a4 a5 12. e5 dxe5 13. Ne4 Nxe4 14.
Bxd8 Raxd8 15. Qe2 Bf5 16. Rad1 Rxd1 17. Qxd1 Re8 18.
Nd2 Rd8 19. Nxe4 Rxd1 20. Rxd1 Kf8 21. Re1 f6 22. Kf1 Kf7 23. f3 Be6 24. b3 Bd4 25.
Ke2 h6 26. Kd3 f5 27. Nd2 Bf2 28. Rxe5 1-0

[Event "Early-Titled-Tuesday-Blitz-August-29-2023"]
[Site "Chess.com"]
[Date "2023.08.29"]
[Round "11"]
[White "RandomNoob04"]
[Black "Rosh1610"]
[Result "1-0"]
[WhiteElo "2632"]
[BlackElo "2442"]
[TimeControl "180+1"]
[EndTime "10:00:49 PDT"]
[Termination "RandomNoob04 won by resignation"]

1. e4 c5 2. d4 cxd4 3. c3 d3 4. Bxd3 Nc6 5. Nf3 d6 6. h3 g6 7. c4 Bg7 8. Nc3 Nf6 9. O-O O-O 10. Be3 Bd7 11. Qd2 a6 12. Bh6 Rc8 13. Rfd1 Nb4 14. Bxg7 Kxg7 15. Bf1 b5 16. Nxb5 axb5 17.
Qxb4 bxc4 18. e5 dxe5 19. Nxe5 Qc7 20. Nxd7 Nxd7 21. Qxe7 Rfd8 22. Bxc4 Qxc4 23. Rxd7 Re8 24. Qd6 Re2 25. Rd1 Qe4 26. Rxf7+ Kxf7 27. Qd7+ Kf6 28. Qxc8 Re1+ 29. Rxe1 Qxe1+ 30. Kh2 Kg5 31. Qc5+ Kf6 32. Qc3+ 1-0

[Event "Early-Titled-Tuesday-Blitz-August-29-2023"]
[Site "Chess.com"]
[Date "2023.08.29"]
[Round "11"]
[White "Road2GM3000"]
[Black "amanjazu"]
[Result "0-1"]
[WhiteElo "2416"]
[BlackElo "2343"]
[TimeControl "180+1"]
[EndTime "10:00:53 PDT"]
[Termination "amanjazu won by checkmate"]

1. d4 f5 2. c4 Nf6 3. Nc3 g6 4. Nf3 Bg7 5. g3 O-O 6. Bg2 d6 7. O-O Qe8 8. d5 Na6 9. Nd4 Bd7 10. e4 fxe4 11. Nxe4 Nxe4 12. Bxe4 Bh3 13. Re1 Qf7 14. Be3 Nc5 15. Bc2 e5 16. dxe6 Nxe6 17. Nxe6 Bxe6 18. b3 Rae8 19. Bd4 c5 20. Bxg7 Qxf2+ 21. Kh1 Kxg7 22. Be4 Bh3 23. Qd5 Bg2+ 24. Bxg2 Rxe1+ 25. Rxe1 Qxe1+ 26. Bf1 Qxf1# 0-1

[Event "Early-Titled-Tuesday-Blitz-August-29-2023"]
[Site "Chess.com"]
[Date "2023.08.29"]
[Round "11"]
[White "DrDreBeats"]
[Black "jcibarra"]
[Result "1-0"]
[WhiteElo "2636"]
[BlackElo "2858"]
[TimeControl "180+1"]
[EndTime "10:01:07 PDT"]
[Termination "DrDreBeats won by resignation"]

1. e4 d5 2. exd5 Qxd5 3. Nc3 Qd6 4. d4 Nf6 5. Bd3 g6 6. Nge2 Bg7 7. Bf4 Qd8 8. Qd2 O-O 9. O-O-O a6 10. Bh6 b5 11.
f3 c5 12. dxc5 Qc7 13. h4 Nbd7 14. h5 Nxc5 15. Bxg7 Kxg7 16. hxg6 fxg6 17. Qh6+ Kf7 18. Nd5 Nxd5 19. Qxh7+ Ke6 20. Qxg6+ Rf6 21. Qg8+ Kd6 22. Be4 Kc6 23. Qxd5+ Kb6 24. Qxa8 Ka5 25. Nc3 e6 26. Rh8 Bd7 27. Qd8 Qxd8 28. Rxd8 Rf7 29. a3 1-0

[Event "Early-Titled-Tuesday-Blitz-August-29-2023"]
[Site "Chess.com"]
[Date "2023.08.29"]
[Round "11"]
[White "Laico"]
[Black "DKmirl"]
[Result "1-0"]
[WhiteElo "2425"]
[BlackElo "2261"]
[TimeControl "180+1"]
[EndTime "10:01:08 PDT"]
[Termination "Laico won on time"]

1. e4 c5 2. Nc3 Nc6 3. f4 g6 4.
Nf3 Bg7 5. Bb5 Nd4 6. O-O Nxb5 7. Nxb5 Nf6 8. d3 O-O 9. Nc3 d6 10. Qe1 Rb8 11. Qh4 b5 12. f5 b4 13. Ne2 Ba6 14. Bh6 c4 15. Nf4 cxd3 16. cxd3 Rc8 17. Ng5 Qb6+ 18.
Kh1 Rc2 19. fxg6 hxg6 20. Bxg7 Kxg7 21. Nd5 Rh8 22. Qxh8+ Kxh8 23. Nxb6 axb6 24. e5 dxe5 25. Nxf7+ Kg7 26. Nxe5 Bb7 27. Rg1 Rxb2 28. Nf3 Ng4 29. Rgb1 1-0

[Event "Early-Titled-Tuesday-Blitz-August-29-2023"]
[Site "Chess.com"]
[Date "2023.08.29"]
[Round "11"]
[White "AniJak"]
[Black "aranibos"]
[Result "1-0"]
[WhiteElo "2379"]
[BlackElo "2283"]
[TimeControl "180+1"]
[EndTime "10:01:09 PDT"]
[Termination "AniJak won by resignation"]

1. e4 g6 2. d4 Bg7 3. Nc3 d6 4. Be3 a6 5. f3 Nd7 6. Qd2 h6 7.
h4 b6 8. h5 g5 9. f4 gxf4 10.
Bxf4 e5 11. dxe5 Nxe5 12. Nf3 Bg4 13. Be2 Nxf3+ 14. gxf3 Be6 15. O-O-O Ne7 16. Rhg1 Bf6 17. Qe3 Qd7 18. e5 Bg5 19. Bxg5 hxg5 20. exd6 Nf5 21. Qe4 Rd8 22. Qe5 1-0